 Dungeon Crawl Stone Soup version 0.24.0-1-gfbc8707 (webtiles) character file.

Game seed: 789680317697406656, levelgen mode: deterministic

116 BoppinsLewinski the Conjurer (level 5, -2/38 (40) HPs)
             Began as a Ghoul Conjurer on Nov 7, 2019.
             Slain by Sigmund
             ... wielding a +0 scythe
              (3 damage)
             ... on level 2 of the Dungeon.
             The game lasted 00:06:09 (2653 turns).

BoppinsLewinski the Conjurer (Ghoul Conjurer)       Turns: 2653, Time: 00:06:10

HP:   -2/38 (40)    AC:  7    Str: 13    XL:     5   Next: 0%
MP:   6/6           EV: 11    Int: 15    God:
Gold: 107           SH:  0    Dex:  9    Spells: 6/7 levels left

rFire    . . .     SeeInvis .     - Unarmed
rCold    + . .     Gourm    .   (no shield)
rNeg     + + +     Faith    .   j - +0 ring mail
rPois    ∞         Spirit   .   (no helmet)
rElec    .         Reflect  .   (no cloak)
rCorr    .         Harm     .   (no gloves)
MR       .....                  l - +1 pair of boots {run}
Stlth    +.........             (no amulet)
HPRegen  0.00/turn              (no ring)
MPRegen  0.10/turn              (no ring)

@: brilliant, rotting, quick
A: rotting body, claws 1, carnivore, cold resistance 1, negative energy
resistance 3, inhibited regeneration, torment resistance, unbreathing
a: no special abilities


You were on level 2 of the Dungeon.
You were not hungry.

You visited 1 branch of the dungeon, and saw 2 of its levels.

You collected 107 gold pieces.

Inventory:

Missiles
 i - 17 poisoned darts (quivered)
Armour
 b - a +0 chain mail
 j - a +0 ring mail (worn)
 l - a +1 pair of boots of running (worn)
Scrolls
 e - a scroll of remove curse
 f - a scroll of teleportation {unknown}
 h - 2 scrolls of identify
 k - a scroll of enchant weapon {unknown}
 m - a scroll of amnesia {unknown}
Potions
 a - a potion of brilliance
 d - a potion of berserk rage
Comestibles
 c - 4 rations


   Skills:
 + Level 1.6 Fighting
 + Level 1.0 Throwing
 + Level 1.4 Armour
 + Level 2.3 Dodging
 - Level 2.3 Stealth
 * Level 2.5 Unarmed Combat
 - Level 1.7 Spellcasting
 - Level 3.3 Conjurations


You had 6 spell levels left.
You knew the following spells:

 Your Spells              Type           Power        Failure   Level  Hunger
a - Magic Dart            Conj           ###.         1%          1    ##.....

Your spell library contained the following spells:

 Spells                   Type           Power        Failure   Level  Hunger
 Searing Ray              Conj           ###...       2%          2    ###....
 Confusing Touch          Hex            ##....       5%          1    ##.....
 Dazzling Spray           Conj/Hex       ###...       9%          3    ####...
 Iskenderun's Mystic Bla  Conj           ###.....     13%         4    #####..
 Confuse                  Hex            ##......     16%         3    ####...
 Gell's Gravitas          Tloc           ##........   16%         3    ####...
 Force Lance              Conj/Tloc      ###.....     24%         4    #####..
 Fulminant Prism          Conj/Hex       ###.......   24%         4    #####..
 Petrify                  Tmut/Erth      ##......     41%         4    #####..
 Metabolic Englaciation   Hex/Ice        ##........   71%         5    ######.
 Yara's Violent Unravell  Hex/Tmut       ##........   71%         5    ######.


Dungeon Overview and Level Annotations

Branches:
Dungeon (2/15)

Altars:
Dithmenos
Fedhas

Annotations:
D:2 Sigmund


Innate Abilities, Weirdness & Mutations

Your body is rotting away.
You thrive on raw meat.
You are immune to poison.
You have sharp fingernails.
You are carnivorous and can eat meat at any time.
Your flesh is cold resistant. (rC+)
You are immune to negative energy. (rN+++)
You do not regenerate when monsters are visible.
You are immune to unholy pain and torment.
You can survive without breathing.


Message History

Aim: a hobgoblin You throw a poisoned dart.
Throwing (i - inventory)
i - 18 poisoned darts (quivered)
Press: ? - help, Shift-Dir - straight line, f/p - hobgoblin
Aim: a hobgoblin You throw a poisoned dart.
The poisoned dart hits the hobgoblin.
The hobgoblin is poisoned.
Something hits you.
* * * LOW HITPOINT WARNING * * *
Okay, then.
As you read the scroll labeled GOAVAO LEOWK, it crumbles to dust.
It is a scroll of identify.
e - a scroll of remove curse Something hits you but does no damage.
Okay, then.
Unknown command.
Unknown command.
Things that are here:
a poisoned dart; a giant cockroach corpse You scratch something.
Something hits you.
You die...

####### §≈≈≈§§§ ...§..≈
.≈≈≈.§≈### .≈..≈.§§.#
##### .≈..≈..'.########
....#
..≈≈≈.≈#g{@.....#######
#####
..(...≈########..)....#
≈≈≈≈≈≈≈ #####.(##
####### ##>.## #..##
#### #.## ...#### #.#
##....## #.# ####..###
#.#


You could see a hobgoblin.

Vanquished Creatures
  A hound (D:2)
  Jessica (D:2)
  2 adders (D:2)
  An ooze (D:1)
  A worm (D:2)
  2 dart slugs
  A leopard gecko (D:1)
  3 giant cockroaches
  3 goblins (D:1)
  2 hobgoblins
  5 kobolds
  3 bats (D:2)
  2 frilled lizards
  7 rats
34 creatures vanquished.

Notes
Turn   | Place    | Note
-------+----------+-------------------------------------------
     0 | D:1      | BoppinsLewinski the Ghoul Conjurer began the quest for the
                  | Orb.
     0 | D:1      | Reached XP level 1. HP: 14/14 MP: 2/2
   301 | D:1      | Reached XP level 2. HP: 5/18 MP: 3/3
   703 | D:1      | Reached skill level 1 in Unarmed Combat
  1277 | D:1      | Reached XP level 3. HP: 24/26 MP: 4/4
  1450 | D:2      | Noticed Jessica
  1458 | D:2      | Killed Jessica
  1458 | D:2      | Reached skill level 1 in Fighting
  1458 | D:2      | Reached skill level 1 in Armour
  1466 | D:2      | Reached XP level 4. HP: 33/34 MP: 5/5
  1524 | D:2      | Found a blossoming altar of Fedhas.
  2056 | D:2      | Reached skill level 1 in Throwing
  2494 | D:2      | Found a shadowy altar of Dithmenos.
  2501 | D:2      | Identified a +1 pair of boots of running (You found it on
                  | level 2 of the Dungeon)
  2620 | D:2      | Noticed Sigmund
  2648 | D:2      | Reached XP level 5. HP: 11/38 MP: 6/6
  2650 | D:2      | HP: 1/38 [something (2)]
  2653 | D:2      | Slain by Sigmund

Levels and vault maps discovered:
D:1:      lemuel_arrival_room, layout_basic
D:2:      layout_rooms, fedhas_altar_2,
          nicolae_dithmenos_through_a_glass_darkly, kennysheep_generic_room_7,
          uniq_jessica, uniq_sigmund

Skill      XL: |  1  2  3  4 |
---------------+-------------+-----
Unarmed Combat | 1 2 |  2.5
Dodging        | 2 |  2.3
Fighting       | 1 |  1.6
Armour         | 1 |  1.4
Throwing       | 1 |  1.0
Stealth        | |  2.3
Spellcasting   | |  1.7
Conjurations   | |  3.3

Action                   |  1- 3 |  4- 6 || total
-------------------------+-------+-------++-------
Melee: Unarmed           |    67 |    78 ||   145
Throw: Dart              |     3 |    16 ||    19
       Throwing net      |     1 |     3 ||     4
  Use: Potion            |       |     3 ||     3
       Scroll            |       |     1 ||     1
  Eat: Chunk             |     3 |     2 ||     5
Armor: Robe              |     4 |       ||     4
       Leather armour    |     1 |       ||     1
       Ring mail         |     2 |    51 ||    53
Dodge: Dodged            |    27 |    89 ||   116
